Map: Pillars of Gold LE

Players

MrTwister

  • Race: Zerg Zerg
  • League: Silver
  • Spawn Location: 7:00

redbusman - Winner!

  • Race: Terran Terran
  • League: Silver
  • Spawn Location: 1:00

VOD

Have the link to the VOD?

Description

Time

  • Played on: July 21, 2020, 10:29 p.m.
  • Length: 15:01
Show
View Real Time Build Order
Export as new Build Order

MrTwister Zerg 

Build Orders: Hatch First 

Get SALT Encoding   

  12  0:01  Drone  
  13  0:13  Overlord  
  13  0:18  Drone  
  14  0:32  Drone, Overlord  
  15  0:39  Drone  
  16  0:59  Hatchery  
  16  1:00  Drone  
  16  1:04  Drone  
  17  1:11  Drone  
  17  1:17  Extractor  
  17  1:21  Drone  
  18  1:29  Spawning Pool  
  17  1:33  Drone  
  18  1:49  Drone  
  18  1:52  Drone  
  20  2:03  Drone  
  21  2:16  Queen  
  21  2:17  Queen  
  21  2:19  Zergling x4  
  27  2:25  Drone x2  
  29  2:34  Drone, Overlord  
  30  2:41  Metabolic Boost  
  30  2:53  Drone x2  
  32  3:19  Queen  
  34  3:21  Lair  
  34  3:29  Drone x2  
  34  3:30  Drone x5  
  34  3:31  Overlord x3  
  41  3:35  Drone x2  
  41  3:40  Evolution Chamber  
  42  3:47  Baneling Nest  
  41  3:59  Drone x2  
  41  4:00  Drone x2, Queen  
  47  4:19  Extractor  
  47  4:20  Extractor  
  47  4:21  Extractor  
  44  4:30  Queen  
  46  4:33  Overlord x2  
  46  4:34  Zergling x4  
  46  4:35  Zergling x4  
  50  4:49  Queen  
  50  4:50  Drone x2  
  54  5:15  Queen  
  54  5:18  Drone x4  
  54  5:19  Drone  
  60  5:33  Baneling x2, Hatchery  
  60  5:34  Baneling x5  
  60  5:35  Baneling x2  
  59  5:52  Zergling x6  
  59  5:53  Zergling x6  
  65  6:04  Centrifical Hooks  
  65  6:05  Evolution Chamber  
  64  6:13  Drone  
  64  6:14  Drone x3  
  68  6:32  Infestation Pit  
  67  6:44  Drone x2  
  67  6:45  Drone x5  
  74  6:48  Extractor  
  74  6:51  Extractor  
  73  6:54  Drone x5  
  73  6:55  Drone x2  
  73  7:00  Spore Crawler  
  78  7:01  Spore Crawler  
  78  7:06  Spore Crawler  
  76  7:09  Spore Crawler  
  76  7:13  Spore Crawler  
  74  7:16  Hive  
  74  7:20  Zerg Melee Weapons Level 1  
  74  7:22  Zerg Ground Armor Level 1  
  74  7:26  Zergling x10  
  74  7:27  Zergling x10  
  84  7:32  Queen x2  
  88  8:04  Overseer x4  
  88  8:05  Overseer x2  
  88  8:07  Queen  
  88  8:10  Overlord  
  88  8:11  Overlord x6  
  88  8:12  Overlord x2  
  90  8:30  Zergling x6  
  93  8:40  Hatchery  
  87  9:04  Baneling x4  
  87  9:05  Baneling x5  
  87  9:06  Baneling x6  
  87  9:07  Baneling x13  
  87  9:08  Baneling x2  
  87  9:09  Baneling x3  
  87  9:14  Zergling x2  
  88  9:27  Zerg Melee Weapons Level 2  
  88  9:30  Adrenal Glands  
  88  9:33  Zergling x24  
  88  9:34  Zergling x8  
  104  9:43  Zergling x2  
  67  10:40  Viper x4  
  61  11:06  Zergling x2  
  61  11:07  Zergling x20  
  67  11:28  Baneling x17  
  67  11:29  Baneling x3  
  55  12:05  Hydralisk Den  
  54  12:08  Hydralisk Den  
  51  12:33  Drone x2  
  51  12:34  Drone x7  
  60  12:44  Queen  
  60  12:45  Queen x2  
  66  12:55  Hatchery  
  66  12:57  Grooved Spines  
  66  12:58  Muscular Augments  
  65  13:03  Drone x4  
  69  13:08  Extractor  
  69  13:12  Extractor  
  67  13:20  Queen x3  
  73  13:30  Overlord  
  73  13:31  Overlord x8  
  73  13:56  Queen x2  
  73  13:59  Evolution Chamber x2  
  75  14:03  Hatchery  
  39  14:41  Zergling x18  
Show
View Real Time Build Order
Export as new Build Order

redbusman Terran - Winner!

Build Orders:  

Get SALT Encoding   

  12  0:01  SCV  
  13  0:13  SCV  
  14  0:20  Supply Depot  
  14  0:25  SCV  
  15  0:41  SCV  
  16  0:46  Barracks  
  16  0:53  SCV  
  17  1:03  Supply Depot  
  17  1:05  Refinery  
  17  1:07  SCV  
  18  1:19  SCV  
  19  1:42  Marine  
  19  1:43  Command Center  
  20  1:52  Orbital Command  
  20  2:07  Barracks Reactor  
  20  2:18  SCV  
  21  2:30  SCV  
  21  2:31  Factory  
  22  2:47  Refinery, SCV  
  22  2:51  Marine x2  
  25  3:00  SCV  
  25  3:03  Supply Depot  
  26  3:08  Marine  
  26  3:09  Marine  
  26  3:11  Orbital Command  
  26  3:12  Bunker, SCV  
  29  3:24  SCV  
  29  3:25  Factory Tech Lab  
  29  3:26  Starport, Marine x2  
  32  3:40  SCV  
  33  3:48  Siege Tank  
  36  3:52  SCV  
  37  3:57  Engineering Bay  
  37  4:04  SCV  
  38  4:10  Supply Depot  
  38  4:11  Supply Depot  
  38  4:16  SCV  
  39  4:21  Supply Depot  
  39  4:25  Supply Depot  
  39  4:28  SCV  
  40  4:40  SCV  
  41  4:50  Starport Tech Lab  
  41  4:52  SCV  
  42  4:56  Barracks  
  42  4:57  Barracks  
  42  5:04  SCV  
  43  5:13  Missile Turret  
  43  5:16  SCV  
  43  5:18  Missile Turret  
  44  5:36  Command Center  
  44  5:40  Terran Infantry Weapons Level 1  
  44  5:43  SCV  
  44  5:45  SCV  
  46  5:55  SCV  
  46  5:56  Refinery  
  47  5:57  SCV  
  47  6:00  Refinery  
  47  6:01  Marine x2  
  50  6:07  SCV  
  50  6:10  SCV  
  52  6:17  Barracks Tech Lab  
  52  6:19  Stimpack, Marine x2, SCV  
  52  6:22  SCV  
  52  6:25  Marauder  
  58  6:31  SCV  
  59  6:34  SCV  
  59  6:35  Factory Reactor  
  59  6:37  Marine x2  
  59  6:38  Medivac  
  64  6:42  Marine  
  64  6:46  Marauder, SCV  
  68  6:47  Combat Shield  
  68  6:55  Marine x2  
  68  7:00  Marine  
  71  7:07  Marauder  
  73  7:08  Medivac  
  73  7:12  Marine  
  73  7:13  Marine  
  77  7:18  Marine  
  77  7:19  Engineering Bay  
  78  7:29  Marauder  
  84  7:30  Marine x2, Hellion x2  
  84  7:36  Marine  
  87  7:38  Medivac  
  87  7:39  Supply Depot  
  87  7:40  Supply Depot  
  87  7:42  Supply Depot  
  87  7:44  Supply Depot  
  89  7:45  Supply Depot  
  89  7:46  Supply Depot  
  89  7:48  Marine x2  
  89  7:50  Marauder  
  97  7:51  Hellion x2  
  97  8:02  Planetary Fortress  
  97  8:06  Marine x2  
  97  8:08  Medivac  
  97  8:11  Marine x2  
  107  8:12  Hellion  
  107  8:13  Hellion  
  107  8:24  Marine x2  
  109  8:29  Marine x2  
  109  8:34  Hellion x2  
  115  8:36  Supply Depot x3  
  115  8:37  Supply Depot  
  115  8:38  Medivac  
  115  8:39  Supply Depot  
  117  8:42  Marine x2  
  117  8:46  Marine  
  117  8:47  Marine  
  121  8:58  Terran Infantry Armor Level 1  
  121  8:59  Marine x2  
  121  9:02  Neosteel Armor  
  123  9:04  Marine  
  123  9:08  Armory  
  124  9:35  Command Center  
  104  10:22  Marine x4  
  100  10:35  Medivac  
  99  10:39  Marine  
  99  10:40  Marine x3  
  99  10:41  Terran Infantry Weapons Level 2  
  98  10:57  Marine x2  
  98  10:58  Marine x2  
  98  11:03  Hellbat x2  
  106  11:05  Medivac  
  106  11:08  Terran Infantry Armor Level 2  
  108  11:15  Marine x4  
  112  11:25  Hellbat x2  
  114  11:33  Marine x4  
  114  11:35  Medivac  
  120  11:46  Hellbat x2  
  108  11:51  Marine x4  
  107  12:04  Planetary Fortress  
  107  12:07  Hellbat, Barracks  
  107  12:08  Hellbat  
  111  12:09  Marine x4, Barracks  
  111  12:10  Missile Turret  
  111  12:13  Barracks  
  111  12:15  Barracks  
  115  12:16  SCV  
  114  12:26  Marine  
  114  12:27  Marine x3  
  114  12:28  SCV  
  119  12:40  SCV  
  119  12:44  Hellion x2  
  124  12:45  Marine x4  
  124  12:48  Medivac  
  130  12:52  SCV  
  131  13:03  Marine x4  
  131  13:04  SCV  
  131  13:05  Hellion x2  
  140  13:07  Barracks Reactor  
  140  13:08  Barracks Reactor  
  140  13:13  Barracks Reactor  
  140  13:15  Barracks Reactor  
  140  13:18  Medivac  
  142  13:21  Marine x4  
  142  13:26  Hellion x2  
  150  13:39  Marine x4  
  154  13:48  Medivac  
  154  13:49  Marine x3  
  154  13:50  Marine  
  154  13:51  Marine x4  
  164  13:56  Marine x2  
  164  13:57  Marine x2  
  166  14:07  Marine x3  
  166  14:08  Marine  
  166  14:09  Marine x4, Hellion x2  
  178  14:14  Marine x3  
  178  14:15  Marine  
  182  14:18  Medivac  
  184  14:24  Marine  
  184  14:25  Marine x2  
  184  14:26  Marine x3  
  184  14:27  Marine x2  
  184  14:30  Hellion x2  
  188  14:32  Marine x4  
  192  14:42  Marine x2  
Tags
 
Add a new tag
Caveats
  • Supply blocks, unpowered buildings, or Contaminate may cause inaccurate times.
  • Supply counts are checked every 10 seconds.